 Dungeon Crawl Stone Soup version 0.13-a0-2926-g9203b68 (webtiles) character file.

77925 PolkaDot the Cloud Mage (level 15, 0/87 (88) HPs)
             Began as a Vampire Wizard on Sept 3, 2013.
             Was a High Priest of Vehumet.
             Succumbed to a green ugly thing's poison
             ... on Level 15 of the Dungeon.
             The game lasted 05:59:17 (34509 turns).

PolkaDot the Cloud Mage (Vampire Wizard)           Turns: 34509, Time: 05:59:18

HP   0/87 (88)   AC  7     Str 10      XL: 15   Next: 12%
MP  45/45        EV 11     Int 33      God: Vehumet [*****.]
Gold 1502        SH  5     Dex 12      Spells: 11 memorised,  1 level left

Res.Fire  : + + .   See Invis. : +   C - +1,+4 sabre (venom)
Res.Cold  : + + .   Warding    : .   s - +0 robe {MR+}
Life Prot.: . . .   Conserve   : .   K - -1 buckler of the Sky {Str+1 Int+3}
Res.Poison: +       Res.Corr.  : +   k - +3 hat of Pondering {ponderous, MR+ MP+10 Res.Elec. : + Clarity : . t - +0 cloak
Sust.Abil.: . .     Spirit.Shd : .   z - +0 pair of gauntlets {Str+3}
Res.Mut.  : .       Stasis     : .   (no boots)
Res.Rott. : .       Flight     : .   B - amulet of resist corrosion
Saprovore : . . .                    c - ring of wizardry
                                     v - ring of protection from fire

@: non-regenerating, very poisoned, diseased, slow, extremely resistant to
hostile enchantments, stealthy
A: bottle blood, fangs 3, see invisible, cold resistance 1, unbreathing, fuming
1
a: Bottle Blood, Renounce Religion


You were on level 15 of the Dungeon.
You worshipped Vehumet.
Vehumet was exalted by your worship.
You were almost alive.

You visited 3 branches of the dungeon, and saw 24 of its levels.
You also visited: Ice Cave.

You collected 1549 gold pieces.
You spent 67 gold pieces at shops.

Inventory:

Hand weapons
 x - the +7,+2 quarterstaff of the Morning {flame, rF+}
   (You found it on level 13 of the Dungeon)

   It emits flame when wielded, causing extra injury to most foes and up to
   double damage against particularly susceptible opponents.
   It protects you from fire.
 C - a +1,+4 sabre of venom (weapon)
Armour
 a - a +1 robe
 k - the +3 hat of Pondering (worn) {ponderous, MR+ MP+10 Int+5}
   (You took it off Gastronok on level 2 of the Lair of Beasts)

   It affects your intelligence (+5).
   It affects your resistance to hostile enchantments.
   It affects your magic capacity (+10).
 s - a +0 robe of magic resistance (worn)
 t - a +0 cloak (worn)
 z - a +0 pair of gauntlets of strength (worn)
 K - the -1 buckler of the Sky (worn) {Str+1 Int+3}
   (You found it on level 7 of the Dungeon)

   It affects your strength (+1).
   It affects your intelligence (+3).
Magical devices
 b - a wand of teleportation (8)
 o - a wand of flame (12)
 p - a wand of magic darts (9)
 D - a wand of confusion (1)
Scrolls
 d - a scroll of enchant armour
 e - 3 scrolls of fog
 i - 3 scrolls of summoning {unknown}
 j - 6 scrolls of teleportation
 n - a scroll of enchant weapon III {unknown}
 q - 4 scrolls of identify
 u - a scroll of amnesia
 G - 2 scrolls of blinking
 J - 2 scrolls of fear
Jewellery
 c - a ring of wizardry (right hand)
 v - a ring of protection from fire (left hand)
 B - an amulet of resist corrosion (around neck)
Potions
 f - 4 potions of blood
 g - a potion of might
 h - a potion of agility
 l - a potion of restore abilities
 r - a potion of flight
 w - a potion of invisibility {unknown}
 A - a potion of berserk rage
Books
 y - a book of the Warp

   Spells                             Type                      Level
   Recall                             Summoning/Translocation      3
   Control Teleport                   Charms/Translocation         4
   Phase Shift                        Translocation                5
   Warp Weapon                        Charms/Translocation         5
   Dispersal                          Translocation                6
   Controlled Blink                   Translocation                7
   Disjunction                        Translocation                8


   Skills:
 - Level 2.1 Dodging
 - Level 3.0 Stealth
 - Level 12.6 Spellcasting
 + Level 10.9 Conjurations
 - Level 4.8 Charms
   Level 1.0 Summonings
 - Level 0.7 Translocations
 * Level 10.3 Ice Magic
 * Level 13.8 Air Magic
 - Level 6.1 Poison Magic


You had one spell level left.
You knew the following spells:

 Your Spells              Type           Power        Failure   Level  Hunger
a - Sting                 Conj/Pois      ####         1%          1    None
d - Iskenderun's Mystic   Conj           #######.     1%          4    None
f - Conjure Flame         Conj/Fire      ######..     1%          3    None
g - Mephitic Cloud        Conj/Pois/Air  ######..     1%          3    None
h - Poisonous Cloud       Conj/Pois/Air  ######....   1%          6    ####...
j - Freezing Cloud        Conj/Ice/Air   #######...   1%          6    ####...
k - Ozocubu's Refrigerat  Ice            ######....   1%          6    ####...
q - Swiftness             Chrm/Air       ######....   1%          2    None
s - Airstrike             Air            #######...   1%          4    None
w - Repel Missiles        Chrm/Air       ######....   1%          2    None
A - Apportation           Tloc           ####......   1%          1    None


Dungeon Overview and Level Annotations

Branches:
Dungeon (15/27)            Temple (1/1) D:7             Orc (0/4) D:11
   Lair (8/8) D:9           Swamp (0/5) Lair:5       Spider (0/5) Lair:3
  Slime (0/6) Lair:8
 Vaults: D:15-20

Altars:
Ashenzari
Cheibriados
Elyvilon
Fedhas
Kikubaaqudgha
Makhleb
Nemelex Xobeh
Okawaru
Sif Muna
Trog
Vehumet
Xom
Yredelemnul
Zin
the Shining One

Shops:
D:9 [

Portals:
Ziggurat: D:6 (3700 gp)
Trove: D:11 (give +4,+5 demon blade)

Annotations:
D:10 SkaryMonk's ghost, experienced LOSk


Innate Abilities, Weirdness & Mutations

Your natural rate of healing is extremely fast.
You can bottle blood from corpses.
You have razor-sharp teeth.*
You have supernaturally acute eyesight.
You can survive without breathing.*
Your flesh is cold resistant.*+ You emit clouds of smoke.+


Message History

* * * LOW HITPOINT WARNING * * *
You feel very sick.
You see here an ugly thing corpse.
You open the large door.
* * * LOW HITPOINT WARNING * * *
You feel sick.
Drink which item? (? for menu, Esc to quit)
You feel refreshed.
* * * LOW HITPOINT WARNING * * *
You feel sick.
Drink which item? (? for menu, Esc to quit)
Okay, then.
If it's blood you're after, try e.
Okay, then.
* * * LOW HITPOINT WARNING * * *
You feel very sick.
There is a large open door here.
* * * LOW HITPOINT WARNING * * *
You feel very sick.
You die...

# .# .########.#
........#.#####
...............+.
#.@........
#.§##.#####
###''##.#
#.§§.§..#
+§.%<§..#
#...§...#
#.......#
#.......#
#.......#


There were no monsters in sight!

Vanquished Creatures
  A frost giant (IceCv)
  Gastronok (Lair:2)
  A dragon (Lair:8)
  Harold (D:11)
  7 hydras
  Erica (Lair:1)
  6 death yaks (Lair:8)
  The ghost of spurdo the Basher, a powerful GrFi of Okawaru (D:11)
  A centaur warrior (D:13)
  2 catoblepae
  4 skeletal warriors (D:14)
  2 unseen horrors
  An ice statue (IceCv)
  2 hill giants
  Pikel (D:8)
  Joseph (D:10)
  2 cyclopes
  2 griffons
  11 spiny frogs
  3 black mambas
  A feature mimic (D:10)
  A queen ant (Lair:1)
  2 wandering mushrooms
  6 fire drakes
  An orb spider (Lair:3)
  3 komodo dragons
  15 polar bears (IceCv)
  A hydra skeleton (D:12)
  3 trolls
  3 slime creatures (D:13)
  2 two-headed ogres (D:11)
  3 basilisks
  3 boulder beetles
  23 blink frogs
  2 wyverns
  14 ugly things
  2 hogs (D:14)
  Eustachio (D:9)
  An elephant slug (Lair:8)
  83 yaks
  2 hippogriffs
  A hill giant skeleton (D:13)
  A shark (D:9)
  34 wolves
  A swamp worm (Lair:5)
  6 soldier ants (Lair:1)
  A necrophage (D:8)
  2 manticores
  2 swamp drakes (Lair:8)
  2 hell hounds (Lair:8)
  4 mottled dragons
  6 ice beasts
  7 sky beasts
  8 porcupines
  4 slaves (D:8)
  6 orc warriors
  A human (D:14)
  5 ogres
  7 centaurs
  A giant goldfish (D:9)
  3 phantoms
  2 boring beetles (Lair:3)
  6 wargs
  Sigmund (D:3)
  Duvessa (D:8)
  11 crocodiles
  A big kobold (D:14)
  The ghost of runewalsh the Sneak, an average OpWz (D:3)
  7 giant slugs
  Blork the orc (D:8)
  19 giant frogs
  8 agate snails
  16 water moccasins
  A wyvern skeleton (D:10)
  An eye of draining (D:9)
  8 wights
  5 jellyfish (D:9)
  2 yak zombies
  14 killer bees
  A yak skeleton (D:14)
  5 electric eels (D:9)
  25 hounds
  A soldier ant zombie (D:13)
  Dowan (D:8)
  7 crimson imps
  2 giant frog zombies
  9 orc priests
  A centaur zombie (D:12)
  4 big fish
  6 goliath beetles
  4 jellies
  3 scorpions
  A giant frog skeleton (D:6)
  2 gnoll shamans
  12 orc wizards
  6 iguanas
  40 worker ants
  29 sheep
  A mottled dragon zombie (D:10)
  An ogre skeleton (D:11)
  A mummy (D:7)
  8 gnolls
  A worker ant zombie (D:11)
  22 adders
  7 giant centipedes
  28 green rats
  5 giant mites
  2 worms
  An iguana zombie (D:7)
  A giant eyeball (D:8)
  17 giant geckos
  42 orcs
  A ball python (D:4)
  26 bats
  A bat skeleton (D:4)
  20 goblins
  11 hobgoblins
  34 jackals
  12 quokkas
  9 giant cockroaches
  4 giant newts
  A giant spore (D:6)
  22 kobolds
  2 kobold skeletons
  2 orc skeletons
  An orc zombie (D:5)
  21 rats
  7 ballistomycetes
  17 fungi
  15 plants
932 creatures vanquished.

Vanquished Creatures (others)
  A wolf (IceCv)
  2 ogres (D:6)
  A scorpion (D:6)
  A hound (D:6)
  An orc (D:6)
  A ball python (D:6)
  2 giant spores (D:7)
  A quokka skeleton (D:6)
  16 fungi
  5 plants (Lair:8)
31 creatures vanquished.

Grand Total: 963 creatures vanquished

Notes
Turn   | Place    | Note
--------------------------------------------------------------
     0 | D:1      | PolkaDot, the Vampire Wizard, began the quest for the Orb.
     0 | D:1      | Reached XP level 1. HP: 11/11 MP: 6/6
   124 | D:1      | Reached skill level 1 in Conjurations
   427 | D:1      | Reached XP level 2. HP: 17/17 MP: 1/8
  1175 | D:2      | Reached XP level 3. HP: 22/22 MP: 3/10
  1975 | D:2      | Gained mutation: Your flesh is cold resistant. [potion of beneficial mutation]
  1986 | D:2      | Reached XP level 4. HP: 20/28 MP: 1/12
  2327 | D:2      | Found a blossoming altar of Fedhas.
  2879 | D:3      | Reached XP level 5. HP: 10/33 MP: 2/14
  3037 | D:3      | Noticed Sigmund
  3287 | D:3      | Learned a level 3 spell: Mephitic Cloud
  3291 | D:3      | Learned a level 3 spell: Conjure Flame
  3492 | D:3      | Killed Sigmund
  3492 | D:3      | Reached skill level 4 in Conjurations
  3677 | D:3      | Noticed runewalsh's ghost (average OpWz)
  3714 | D:3      | Killed runewalsh's ghost
  3714 | D:3      | Reached XP level 6. HP: 22/39 MP: 4/16
  4087 | D:3      | Noticed an ogre
  4124 | D:3      | Killed an ogre
  4252 | D:4      | Reached skill level 5 in Conjurations
  4438 | D:4      | Reached skill level 1 in Air Magic
  4438 | D:4      | Reached XP level 7. HP: 41/44 MP: 6/18
  4607 | D:4      | Reached skill level 1 in Poison Magic
  4645 | D:4      | Learned a level 2 spell: Swiftness
  4648 | D:4      | Learned a level 2 spell: Repel Missiles
  5110 | D:5      | Entered Level 5 of the Dungeon
  5670 | D:5      | Found a glowing golden altar of the Shining One.
  5670 | D:5      | Found a shattered altar of Ashenzari.
  5839 | D:6      | Found a gateway to a ziggurat.
  5959 | D:6      | Reached skill level 6 in Conjurations
  6071 | D:6      | Reached XP level 8. HP: 50/50 MP: 12/19
  7047 | D:6      | Reached skill level 5 in Spellcasting
  7099 | D:6      | Found a shimmering altar of Xom.
  7388 | D:7      | Got an iridescent sling
  7389 | D:7      | Identified the sling of Dullness {venom, rPois} (You found it on level 7 of the Dungeon)
  7477 | D:7      | Reached XP level 9. HP: 49/55 MP: 11/22
  7973 | D:7      | Got a crude buckler
  7977 | D:7      | Identified the cursed -1 buckler of the Sky {Str+1 Int+3} (You found it on level 7 of the Dungeon)
  7997 | D:7      | Reached skill level 5 in Air Magic
  8205 | D:7      | Found a staircase to the Ecumenical Temple.
  8211 | Temple   | Entered the Ecumenical Temple
  8277 | Temple   | Became a worshipper of Vehumet
  8605 | D:7      | Reached skill level 7 in Conjurations
  8903 | D:7      | Learned a level 1 spell: Apportation
  9576 | D:8      | Noticed Pikel
  9910 | D:8      | Killed Pikel
  9910 | D:8      | Reached skill level 5 in Poison Magic
 10014 | D:8      | Noticed Blork the orc
 10057 | D:8      | Killed Blork the orc
 10373 | D:8      | Reached skill level 8 in Conjurations
 10557 | D:8      | Reached XP level 10. HP: 61/61 MP: 11/23
 10768 | D:8      | Acquired Vehumet's first power
 10768 | D:8      | Offered knowledge of Shock by Vehumet.
 10922 | D:8      | Noticed Dowan
 11040 | D:8      | Killed Dowan
 11044 | D:8      | Noticed Duvessa
 11062 | D:8      | Killed Duvessa
 11089 | D:8      | Gained mutation: You emit clouds of smoke. [potion of mutation]
 12193 | D:9      | Found Rischubb's Armour Emporium.
 12199 | D:9      | Bought a +0 pair of gauntlets of strength for 67 gold pieces
 12559 | D:9      | Noticed Eustachio
 12573 | D:10     | Entered Level 10 of the Dungeon
 12573 | D:10     | Noticed Joseph
 12933 | D:8      | Offered knowledge of Sting by Vehumet.
 12982 | D:8      | Learned a level 1 spell: Sting
 13204 | D:9      | Found a staircase to the Lair.
 13490 | D:9      | Killed Eustachio
 13789 | D:9      | Reached skill level 9 in Conjurations
 14140 | D:9      | Learned a level 6 spell: Poisonous Cloud
 14801 | D:10     | Offered knowledge of Inner Flame by Vehumet.
 15003 | D:10     | Acquired Vehumet's second power
 15028 | D:10     | Noticed SkaryMonk's ghost (experienced LOSk)
 15161 | D:10     | Noticed a hill giant
 15171 | D:10     | Killed a hill giant
 15171 | D:10     | Reached XP level 11. HP: 23/63 MP: 11/25
 15233 | D:10     | Noticed a cyclops
 15258 | D:10     | Killed a cyclops
 15390 | D:10     | Killed Joseph
 15558 | D:10     | Identified the Almanac of Helpful Orientation
 15811 | D:10     | Found a staircase to the Orcish Mines.
 15943 | D:10     | Offered knowledge of Iskenderun's Mystic Blast by Vehumet.
 16311 | Lair:1   | Entered Level 1 of the Lair of Beasts
 16823 | Lair:1   | Learned a level 4 spell: Iskenderun's Mystic Blast
 17047 | Lair:1   | Noticed Erica
 17063 | Lair:1   | Killed Erica
 17063 | Lair:1   | Reached skill level 10 in Air Magic
 17261 | Lair:1   | Noticed a four-headed hydra
 17265 | Lair:1   | Acquired Vehumet's third power
 17270 | Lair:1   | Killed a two-headed hydra
 17530 | Lair:1   | Offered knowledge of Force Lance by Vehumet.
 17888 | Lair:1   | Reached XP level 12. HP: 24/69 MP: 4/28
 18279 | Lair:1   | Noticed a seven-headed hydra
 18283 | Lair:1   | Killed a seven-headed hydra
 18283 | Lair:1   | Reached skill level 11 in Air Magic
 18475 | Lair:2   | Noticed an eight-headed hydra
 18485 | Lair:2   | Killed an eight-headed hydra
 18935 | Lair:2   | Noticed Gastronok
 18953 | Lair:2   | Killed Gastronok
 18953 | Lair:2   | Reached skill level 10 in Conjurations
 19147 | Lair:2   | Offered knowledge of Sticky Flame by Vehumet.
 19585 | Lair:2   | Learned a level 6 spell: Freezing Cloud
 19661 | Lair:3   | Found a hole to the Spider Nest.
 19665 | Lair:3   | Reached skill level 1 in Ice Magic
 20062 | Lair:3   | Reached skill level 1 in Charms
 20177 | Lair:3   | Noticed a six-headed hydra
 20183 | Lair:3   | Killed a six-headed hydra
 20398 | Lair:3   | Got a heavy robe
 20399 | Lair:3   | Identified the +1 robe "Igybyu" {Str+4 Int-3} (You found it on level 3 of the Lair of Beasts)
 21287 | Lair:4   | Noticed a five-headed hydra
 21715 | Lair:4   | Killed a five-headed hydra
 21715 | Lair:4   | Reached skill level 12 in Air Magic
 21909 | Lair:4   | Reached XP level 13. HP: 74/74 MP: 28/30
 21911 | Lair:4   | Reached skill level 5 in Ice Magic
 22926 | Lair:5   | Found a staircase to the Swamp.
 23537 | Lair:5   | Found a burning altar of Makhleb.
 23552 | Lair:5   | Offered knowledge of Airstrike by Vehumet.
 24048 | Lair:6   | Found a frozen archway.
 24056 | IceCv    | Entered an ice cave
 24747 | IceCv    | Reached skill level 10 in Spellcasting
 24756 | IceCv    | Learned a level 4 spell: Airstrike
 25333 | IceCv    | Noticed a frost giant
 25345 | IceCv    | Killed a frost giant
 26549 | Lair:7   | Offered knowledge of Ozocubu's Refrigeration by Vehumet.
 26655 | Lair:7   | Reached XP level 14. HP: 81/81 MP: 25/32
 27377 | Lair:8   | Entered Level 8 of the Lair of Beasts
 28580 | Lair:8   | Found a staircase to the Slime Pits.
 29136 | Lair:8   | Learned a level 6 spell: Ozocubu's Refrigeration
 29384 | Lair:8   | Offered knowledge of Venom Bolt by Vehumet.
 29522 | Lair:8   | Reached skill level 13 in Air Magic
 30402 | D:10     | the staircase to the Orcish Mines was a mimic.
 30660 | D:11     | Noticed spurdo's ghost (powerful GrFi)
 30946 | D:11     | Found a portal to a secret trove of treasure.
 30948 | D:11     | Noticed Harold
 30962 | D:11     | Killed Harold
 30971 | D:11     | Killed spurdo's ghost
 31142 | D:11     | Found a staircase to the Orcish Mines.
 32530 | D:13     | Got an ancient quarterstaff
 32534 | D:13     | Identified the quarterstaff of the Morning {flame, rF+} (You found it on level 13 of the Dungeon)
 32958 | D:14     | Entered Level 14 of the Dungeon
 33121 | D:14     | Reached skill level 10 in Ice Magic
 33393 | D:14     | Reached XP level 15. HP: 74/87 MP: 35/35
 33572 | D:14     | Offered knowledge of Bolt of Cold by Vehumet.
 34470 | D:15     | Entered Level 15 of the Dungeon
 34508 | D:15     | HP: 2/87 [poisoned by a green ugly thing]
 34509 | D:15     | Succumbed to a green ugly thing's poison

Action                   |  1- 3 |  4- 6 |  7- 9 | 10-12 | 13-15 || total
-------------------------+-------+-------+-------+-------+-------++-------
Melee: Unarmed           |     4 |       |       |       |       ||     4
       Dagger            |     8 |    60 |   174 |   124 |       ||   366
       Spear             |       |       |       |   524 |   336 ||   860
       Sabre             |       |       |       |     5 |   112 ||   117
       Scimitar          |       |       |       |     2 |       ||     2
 Cast: Magic Dart        |   117 |   164 |   410 |   316 |       ||  1007
       Mephitic Cloud    |       |     5 |    27 |    48 |     4 ||    84
       Conjure Flame     |       |     2 |    38 |    73 |    29 ||   142
       Apportation       |       |       |     1 |       |       ||     1
       Sting             |       |       |       |   403 |   275 ||   678
       Swiftness         |       |       |       |     7 |     3 ||    10
       Poisonous Cloud   |       |       |       |    24 |    80 ||   104
       Iskenderun's Myst |       |       |       |    33 |    83 ||   116
       Repel Missiles    |       |       |       |     1 |       ||     1
       Freezing Cloud    |       |       |       |    15 |    93 ||   108
       Airstrike         |       |       |       |       |   102 ||   102
       Ozocubu's Refrige |       |       |       |       |     2 ||     2
 Abil: Bottle Blood      |       |       |     5 |    80 |   102 ||   187
       Evoke Flight      |       |       |       |     4 |       ||     4
Evoke: Wand              |       |       |       |     2 |    13 ||    15
  Use: Potion            |     1 |    11 |     4 |    96 |   134 ||   246
       Scroll            |       |    12 |     3 |    17 |     6 ||    38
 Stab: Confused          |       |       |     4 |    16 |       ||    20
       Distracted        |       |       |       |     1 |     1 ||     2
       Sleeping          |       |       |       |     4 |     3 ||     7
